 Dungeon Crawl Stone Soup version 0.27-a0-1301-g128193abf8 (webtiles) character file.

Game seed: 16161413860891482954

32 bilbop the Skirmisher (level 3, 0/33 HPs)
             Began as a Hill Orc Fighter on June 18, 2021.
             Slain by a gnoll (3 damage)
             ... on level 2 of the Dungeon.
             The game lasted 00:02:38 (981 turns).

bilbop the Skirmisher (Hill Orc Fighter)             Turns: 981, Time: 00:02:38

Health: 0/33       AC:  6    Str: 19    XL:     3   Next: 27%
Magic:  4/4        EV:  7    Int:  8    God:
Gold:   57         SH:  9    Dex: 10    Spells: 2/2 levels left

rFire    . . .     SeeInvis .   a - +0 war axe
rCold    . . .     Faith    .   c - +0 kite shield
rNeg     . . .     Spirit   .   e - +0 scale mail
rPois    .         Reflect  .   (no helmet)
rElec    .         Harm     .   (no cloak)
rCorr    .         Rampage  .   (no gloves)
Will     .....                  (no boots)
Stlth    ..........             (no amulet)
HPRegen  0.11/turn              (no ring)
MPRegen  0.09/turn              (no ring)

@: no status effects
A: no striking features
a: no special abilities


You were on level 2 of the Dungeon.
You visited 1 branch of the dungeon, and saw 2 of its levels.

You collected 57 gold pieces.

Inventory:

Hand Weapons
 a - a +0 war axe (weapon)
 b - a +0 hunting sling
Armour
 c - a +0 kite shield (worn)
 e - a +0 scale mail (worn)
Scrolls
 f - 2 scrolls of identify {unknown}
 g - a scroll of teleportation {unknown}
Potions
 d - a potion of might


   Skills:
 + Level 4.0 Fighting
 + Level 3.2 Axes
 + Level 3.6 Armour
 + Level 3.6 Shields
 + Level 1.4 Invocations


You had 2 spell levels left.
You didn't know any spells.
Your spell library contained the following spells:

 Spells                   Type           Power      Damage    Failure   Level
 Summon Small Mammal      Summ           0%         N/A       99%         1
 Call Imp                 Summ           0%         N/A       100%        2
 Call Canine Familiar     Summ           0%         N/A       100%        3
 Summon Guardian Golem    Hex/Summ       0%         N/A       100%        3
 Summon Ice Beast         Ice/Summ       0%         N/A       100%        4
 Summon Lightning Spire   Summ/Air       0%         N/A       100%        4


Dungeon Overview and Level Annotations

Branches:
Dungeon (2/15)

Altars:
Yredelemnul


Message History

You slash the hobgoblin!
You kill the hobgoblin!
No target in view!
No target in view!
No target in view! 2 gnolls come into view.
A gnoll is wielding a +0 whip of freezing.
The gnoll shouts! x2; You hear a shout! 2 gnolls come into view.
The gnoll shouts!
You hear a shout!
The gnoll hits you with a +0 flail!
You closely miss the gnoll. The gnoll hits you but does no damage.
The gnoll hits you with a +0 flail.
You barely miss the gnoll. You closely miss the gnoll.
The gnoll hits you with a +0 whip of freezing.
The gnoll freezes you.
The gnoll hits you with a +0 whip of freezing.
The gnoll freezes you.
You are too injured to fight recklessly!
You are too injured to fight recklessly!
You are too injured to fight recklessly!
You are too injured to fight recklessly!
You are too injured to fight recklessly!
You are too injured to fight recklessly!
You are too injured to fight recklessly!
You are too injured to fight recklessly!
You hit the gnoll but do no damage. The gnoll closely misses you.
Your shield prevents you from hitting the gnoll.
The gnoll hits you with a +0 whip of freezing.
* * * LOW HITPOINT WARNING * * *
The gnoll freezes you.
* * * LOW HITPOINT WARNING * * *
The gnoll hits you with a +0 whip of freezing.
* * * LOW HITPOINT WARNING * * *
The gnoll freezes you.
* * * LOW HITPOINT WARNING * * *
You hit the gnoll but do no damage. You block the gnoll's attack.
The gnoll hits you with a +0 whip of freezing.
You die...

#.. #.. #. #.# ..
#g##># #g##.# #g##.#
#g##.##
###@#...#####
#...........#
#.#.#....##.#
#.#.##.#.##.#
#........##.#
#........##.#
#..####..##.######
#..#..+..........###
#.P#.)#.....####....


You could see 4 gnolls.

Vanquished Creatures
  2 dart slugs (D:1)
  4 ball pythons (D:1)
  A bat (D:1)
  An endoplasm (D:1)
  2 goblins
  4 hobgoblins
  4 jackals (D:2)
  4 kobolds (D:1)
  A quokka (D:1)
23 creatures vanquished.

Notes
Turn   | Place    | Note
-------+----------+-------------------------------------------
     0 | D:1      | bilbop the Hill Orc Fighter began the quest for the Orb.
     0 | D:1      | Reached XP level 1. HP: 19/19 MP: 1/1
     6 | D:1      | Noticed a basilisk
     6 | D:1      | Noticed a tyrant leech
     6 | D:1      | Noticed a ragged hierophant
     7 | D:1      | Noticed a yaktaur captain
    77 | D:1      | Found a faded altar of an unknown god.
   193 | D:1      | Reached XP level 2. HP: 11/27 MP: 2/2
   486 | D:1      | Reached skill level 1 in Invocations
   918 | D:2      | Found a basalt altar of Yredelemnul.
   925 | D:2      | Reached XP level 3. HP: 33/33 MP: 3/3
   929 | D:2      | Reached skill level 4 in Fighting
   981 | D:2      | Slain by a gnoll

Illustrated notes

Levels and vault maps discovered:
D:1:      onia_arrival_zoo_common, layout_loops_ring, basic_ecumenical_altar
D:2:      layout_loops_ring, basic_altar, serial_park_tiny_pond, corexii_shack

Skill      XL: |  1  2  3 |
---------------+----------+-----
Axes           | 3 |  3.2
Invocations    | 1 |  1.4
Fighting       | 4 |  4.0
Armour         | |  3.6
Shields        | |  3.6

Action                   || total
-------------------------++-------
Melee: War axe           ||    66
Armor: Scale mail        ||    41
Dodge: Dodged            ||    21
Block: Kite shield       ||    44

Table legend: (Time is in decaauts)
 A = Elapsed time spent in this place.
 B = Non-inter-level travel time spent in this place.
 C = Inter-level travel time spent in this place.
 D = Time resting spent in this place.
 E = Time spent auto-exploring this place.
 F = Levels seen in this place.
 G = Mean time per level.
                   A        B        C        D        E       F      G
               +--------+--------+--------+--------+--------+-----+--------+
         Total |   1019 |    987 |     32 |    210 |    614 |   2 |  509.5 |
       Dungeon |   1019 |    987 |     32 |    210 |    614 |   2 |  509.5 |
               +--------+--------+--------+--------+--------+-----+--------+

Top non-repeatable levels by time:
     D:1: 942 daAuts
     D:2: 77 daAuts
